AoeStats
← 濕主請三濕

Arena

509641362Analyzed
4v4 RM · 6d ago on Sep 27, 2026· 58m 46s· 8 players
Game mode
Random Map
Map size
Large (8 player)
Population
200
Speed
Normal
Resources
Standard
Victory
Conquest
Starting age
Dark Age
Ending age
Imperial Age
RankedLock teamsTeams togetherTeam positionsShared explorationLock speedFull tech treeHidden civsTurbo modeCheats
Victory
Defeat
🇮🇳 Byzantines · India
828
+16
🇹🇷 Hindustanis · Türkiye
800
+17
🇨🇳 Japanese · China
798
+17
🇹🇼 Cumans · Taiwan
792
+18
🇨🇴 Byzantines · Colombia
899
-19
🇵🇪 Vietnamese · Peru
873
-19
🇷🇴 Khmer · Romania
783
-15
🇵🇹 Portuguese · Portugal
772
-15
OmiOfSilver
11:47 Feudal Age
16:06 Castle Age
15:15 Forging
15:59 Arson
16:06 Double-Bit Axe
16:05 Horse Collar
20:13 Squires
22:32 Scale Mail Armor
24:44 Iron Casting
26:34 Bow Saw
29:23 Heavy Plow
29:17 Stone Mining
29:17 Gold Mining
33:04 Gold Shaft Mining
33:04 Stone Shaft Mining
32:49 Chain Mail Armor
32:40 Fletching
34:30 Bodkin Arrow
39:29 Imperial Age
37:35 Wheelbarrow
36:47 Loom
40:19 Fortified Wall
40:07 Murder Holes
41:19 Plate Mail Armor
41:23 Conscription
44:12 Elite Varangian Guard
49:18 Two-Man Saw
48:51 Crop Rotation
53:59 Logistica
54:26 Conscription
濕主請三濕
14:28 Feudal Age
15:13 Double-Bit Axe
15:11 Horse Collar
16:46 Wheelbarrow
16:17 Gold Mining
19:30 Castle Age
17:53 Loom
20:30 Bow Saw
20:37 Hand Cart
20:23 Heavy Plow
27:17 Imperial Age
26:00 Town Watch
29:59 Conscription
31:23 Two-Man Saw
32:39 Scale Mail Armor
32:59 Forging
32:59 Squires
33:04 Arson
34:07 Gold Shaft Mining
35:01 Chain Mail Armor
35:38 Town Patrol
36:14 Iron Casting
37:22 Elite Samurai
39:08 Blast Furnace
38:38 Plate Mail Armor
39:05 Plate Mail Armor
38:27 Fletching
40:38 Hoardings
40:27 Padded Archer Armor
41:04 Kataparuto
45:31 Chemistry
44:51 Ballistics
44:14 Treadmill Crane
44:40 Siege Engineers
48:06 Murder Holes
48:22 Fortified Wall
47:58 Arrowslits
48:23 Masonry
48:05 Guard Tower
52:54 Keep
55:03 Yasama
SUZUKI
1:20 Loom
11:42 Feudal Age
13:11 Double-Bit Axe
13:35 Gold Mining
24:14 Castle Age
27:59 Gold Shaft Mining
27:38 Bow Saw
31:53 Caravan
34:49 Imperial Age
36:50 Wheelbarrow
36:01 Town Watch
36:46 Stone Mining
38:01 Two-Man Saw
36:44 Horse Collar
38:16 Murder Holes
39:22 Chemistry
39:07 Hand Cart
38:53 Town Patrol
39:57 Ballistics
39:56 Padded Archer Armor
39:46 Fletching
40:07 Forging
39:57 Scale Mail Armor
40:03 Scale Barding Armor
40:30 Heavy Plow
41:47 Hand Cart
41:32 Town Patrol
45:05 Guilds
45:25 Coinage
45:33 Bloodlines
44:44 Elite Steppe Lancer
45:49 Chain Barding Armor
45:45 Chain Mail Armor
46:05 Iron Casting
45:26 Bodkin Arrow
45:46 Leather Archer Armor
45:25 Heated Shot
45:46 Masonry
45:00 Pikeman
45:41 Squires
45:26 Arson
45:02 Man-at-Arms
46:26 Crop Rotation
47:16 Conscription
47:00 Steppe Husbandry
47:36 Hoardings
46:32 Sappers
46:23 Elite Kipchak
47:05 Cuman Mercenaries
46:59 Halberdier
53:18 Plate Barding Armor
53:14 Plate Mail Armor
53:44 Blast Furnace
53:15 Ring Archer Armor
YAMAHA
0:40 Loom
2:08 Loom
11:49 Feudal Age
17:01 Castle Age
15:20 Double-Bit Axe
15:44 Horse Collar
17:56 Squires
23:04 Wheelbarrow
22:46 Bow Saw
24:30 Gold Mining
27:23 Hand Cart
28:17 Gold Shaft Mining
27:45 Heavy Plow
32:50 Imperial Age
31:07 Grand Trunk Road
32:49 Elite Skirmisher
33:34 Thumb Ring
33:54 Ballistics
35:13 Two-Man Saw
36:28 Chemistry
35:40 Fortified Wall
34:58 Elite Ghulam
35:40 Shatagni
36:45 Conscription
37:46 Scale Mail Armor
37:57 Forging
38:10 Stone Mining
39:55 Chain Mail Armor
40:16 Iron Casting
40:57 Caravan
43:09 Blast Furnace
42:00 Fletching
42:11 Padded Archer Armor
44:40 Bodkin Arrow
45:52 Bracer
46:07 Leather Archer Armor
47:00 Murder Holes
47:17 Masonry
Sonny22Black
13:04 Feudal Age
14:17 Horse Collar
18:08 Castle Age
17:08 Stone Mining
17:17 Double-Bit Axe
19:49 Wheelbarrow
21:21 Town Watch
25:37 Gold Mining
26:28 Stone Shaft Mining
25:57 Heavy Plow
26:10 Bow Saw
27:29 Hand Cart
28:46 Caravan
30:46 Town Patrol
30:43 Fletching
30:53 Padded Archer Armor
31:04 Forging
31:00 Scale Barding Armor
35:47 Gold Shaft Mining
35:20 Husbandry
35:31 Bloodlines
36:03 Iron Casting
35:24 Bodkin Arrow
41:15 Imperial Age
40:11 Ballistics
39:49 Murder Holes
40:07 Masonry
42:23 Bracer
42:50 Leather Archer Armor
45:39 Chemistry
45:11 Chain Barding Armor
44:32 Elite Battle Elephant
47:11 Conscription
yenepu
0:29 Loom
11:17 Feudal Age
11:48 Double-Bit Axe
11:46 Horse Collar
20:10 Gold Mining
20:11 Stone Mining
CyberNinjaX
11:23 Feudal Age
14:45 Wheelbarrow
18:09 Castle Age
17:30 Double-Bit Axe
17:28 Horse Collar
21:35 Hand Cart
23:18 Bow Saw
26:51 Loom
27:25 Pikeman
28:05 Squires
27:52 Arson
28:21 Fletching
28:42 Forging
28:32 Scale Mail Armor
28:34 Padded Archer Armor
28:46 Stone Mining
28:47 Gold Mining
32:02 Town Watch
33:04 Bodkin Arrow
33:24 Leather Archer Armor
33:44 Iron Casting
33:25 Chain Mail Armor
33:43 Town Patrol
33:26 Elite Skirmisher
35:22 Heavy Plow
38:51 Imperial Age
36:44 Treadmill Crane
37:25 Ballistics
41:09 Chemistry
40:22 Halberdier
41:10 Elite Rattan Archer
42:24 Plate Mail Armor
41:55 Bracer
42:25 Ring Archer Armor
45:38 Murder Holes
45:14 Man-at-Arms
Caesar6742
13:09 Feudal Age
11:26 Loom
13:58 Horse Collar
14:57 Wheelbarrow
14:13 Double-Bit Axe
14:20 Gold Mining
20:09 Castle Age
18:29 Forging
18:19 Scale Mail Armor
20:11 Man-at-Arms
Connection lost

Rejoining the realm…

Still unreachable

The connection could not be restored.

Session expired

The server has moved on; the page needs a fresh start.